 Dungeon Crawl Stone Soup version 0.29.1-2-gbd0b4ee654 (webtiles) character file.

Game seed: 12904409612462685361

1182 zeram the Sneak (level 8, -4/54 HPs)
             Began as an Octopode Fighter on Nov 11, 2022.
             Slain by a gnoll sergeant
             ... wielding a +1 trident of distortion
              (13 damage)
             ... on level 5 of the Dungeon.
             The game lasted 00:10:00 (4616 turns).

zeram the Sneak (Octopode Fighter)                  Turns: 4616, Time: 00:10:01

Health: -4/54      AC:  1    Str: 15    XL:     8   Next: 42%
Magic:  8/8        EV: 14    Int: 13    God:
Gold:   124        SH:  6    Dex: 11    Spells: 7/7 levels left

rFire   . . .      SeeInvis .   l - +1 dagger (speed)
rCold   . . .      Faith    .   b - +2 buckler
rNeg    . . .      Spirit   .   (helmet restricted)
rPois   .          Reflect  .   k - amulet of the acrobat
rElec   .          Harm     .   g - ring of resist corrosion
rCorr   +          Rampage  .   (no ring)
Will    .....                   (no ring)
Stlth   ++++......              (no ring)
HPRegen 0.18/turn               (no ring)
MPRegen 0.11/turn               (no ring)
                                (no ring)
                                (no ring)

@: hasted, very quick
A: almost no armour, amphibious, 8 rings, camouflage 1, gelatinous body 1,
(nimble swimmer 1), tentacles
a: no special abilities


You were on level 5 of the Dungeon.
You visited 2 branches of the dungeon, and saw 6 of its levels.
You visited the Abyss 1 time.
You also visited: Sewer.

You collected 124 gold pieces.

Inventory:

Hand Weapons
 a - a +0 war axe
 l - a +1 dagger of speed (weapon)
Armour
 b - a +2 buckler (worn)
Jewellery
 g - a ring of resist corrosion (left tentacle)
 k - an amulet of the acrobat (around mantle)
 o - a ring of fire
Wands
 j - a wand of polymorph (16)
 m - a wand of quicksilver (4)
 p - a wand of paralysis (6)
Potions
 c - 2 potions of flight {unknown}
 d - 2 potions of haste
 e - 2 potions of invisibility {unknown}
 f - 2 potions of brilliance {unknown}
 h - a potion of cancellation {unknown}


   Skills:
 + Level 4.4 Fighting
 + Level 4.2 Short Blades
 + Level 4.1 Axes
 + Level 4.8 Dodging
 + Level 7.0 Stealth
 + Level 4.2 Shields
 + Level 0.5 Evocations


You had 7 spell levels left.
You didn't know any spells.
Your spell library contained the following spells:

 Spells                   Type           Power      Damage    Failure   Level
 Summon Small Mammal      Summ           0%         N/A       36%         1


Dungeon Overview and Level Annotations

Branches:
Dungeon (5/15)             Temple (1/1) D:4           Sewer (visited)

Altars:
Elyvilon
Hepliaklqana
Kikubaaqudgha
Okawaru
Qazlal
Sif Muna
Vehumet
Xom
Zin

Shops:
D:3 [


Innate Abilities, Weirdness & Mutations

You cannot wear most types of armour.
You are amphibious.
You can wear up to eight rings at the same time.
Your skin changes colour to match your surroundings (Stealth+).
Your rubbery body absorbs attacks. (AC +1, EV +1)
((You are camouflaged when in or above water. (Stealth+)))
You have tentacles for arms and can constrict up to eight enemies at once.


Message History

You hit the gnoll but do no damage. Your grab misses the gnoll.
You hit the gnoll. Your grab misses the gnoll. You squeeze the gnoll!
The gnoll is almost dead.
The gnoll hits you with a +0 club. The gnoll hits you with a +0 club!
You block the gnoll's attack.
The gnoll sergeant hits you from afar with a +1 trident of distortion!
You are cast into the Abyss!
This branch contains the abyssal rune of Zot.
Found a gateway leading out of the Abyss.
Your extra speed is starting to run out.
There is a gateway leading out of the Abyss here.
You pass through the gate.
Welcome back to the Dungeon!
You feel yourself slow down.
You aren't carrying any scrolls.
The gnoll attacks as you move away! The gnoll closely misses you. x2
You closely miss the gnoll. Your grab misses the gnoll.
The gnoll hits you with a +0 club. The gnoll hits you with a +0 whip.
You block the gnoll's attack. The gnoll hits you but does no damage.
The gnoll sergeant hits you from afar with a +1 trident of distortion!
You blink.
You aren't carrying any scrolls.
Unknown command.
You aren't carrying any scrolls.
You feel yourself speed up.
Unknown command.
The gnoll throws a throwing net.
The throwing net completely misses you.
You see here a throwing net.
The phantom misses you.
Unknown command.
The gnoll sergeant closely misses you. The gnoll sergeant closely misses you.
There is a stone staircase leading up here.
The gnoll hits you with a +0 club.
* * * LOW HITPOINT WARNING * * *
The gnoll closely misses you.
The gnoll sergeant hits you from afar with a +1 trident of distortion!
* * * LOW HITPOINT WARNING * * *
Space warps horribly around you!
You die...

#. #.# #.# #.#
... #.# ...
####.##### ....
#........# .....
#........#
.....##...gg@..#
.....#...ggg..#
#:....W....#
###........#
#^.......#
#....(...#
##########


You could see a phantom, a gnoll sergeant and 4 gnolls.

Vanquished Creatures
  Grinder (D:4)
  Sigmund (D:3)
  Menkaure (D:4)
  A black bear (D:4)
  3 kobold brigands (Sewer)
  A scorpion (D:4)
  A hound (D:3)
  An iguana (D:4)
  Terence (D:3)
  Jessica (D:2)
  5 orc wizards (D:4)
  2 adders
  An ufetubus (D:3)
  2 worms (D:4)
  2 dart slugs
  3 orcs (D:4)
  5 endoplasms
  9 giant cockroaches
  5 hobgoblins
  2 jackals (D:3)
  15 kobolds
  2 quokkas
  11 ball pythons
  5 bats
  3 frilled lizards
  5 goblins
  6 rats
95 creatures vanquished.

Vanquished Creatures (others)
  3 plants (D:4)
3 creatures vanquished.

Grand Total: 98 creatures vanquished

Notes
Turn   | Place    | Note
-------+----------+-------------------------------------------
     0 | D:1      | zeram the Octopode Fighter began the quest for the Orb.
     0 | D:1      | Reached XP level 1. HP: 16/16 MP: 1/1
    59 | D:1      | Found a faded altar of an unknown god.
   102 | D:1      | Reached XP level 2. HP: 18/21 MP: 2/2
   524 | D:1      | Reached XP level 3. HP: 26/26 MP: 3/3
   878 | D:2      | Noticed Jessica
   880 | D:2      | Killed Jessica
   881 | D:2      | Reached skill level 1 in Stealth
   881 | D:2      | Reached XP level 4. HP: 31/31 MP: 4/4
  1322 | D:2      | You fall into a shaft and drop 1 floor!
  1388 | D:3      | Noticed Sigmund
  1400 | D:3      | Killed Sigmund
  1401 | D:3      | Reached skill level 3 in Stealth
  1401 | D:3      | Reached XP level 5. HP: 25/36 MP: 5/5
  1401 | D:3      | Reached XP level 6. HP: 29/42 MP: 6/6
  1519 | D:3      | Noticed Terence
  1529 | D:3      | Killed Terence
  1813 | D:3      | Found Qynal's Armour Shop.
  1817 | D:3      | Reached skill level 4 in Stealth
  2456 | D:4      | Found a staircase to the Ecumenical Temple.
  2517 | D:4      | Found a glowing drain.
  2526 | Sewer    | Entered a sewer
  2666 | Sewer    | Reached skill level 1 in Short Blades
  2695 | Sewer    | Reached skill level 5 in Stealth
  2695 | Sewer    | Reached XP level 7. HP: 47/47 MP: 7/7
  3228 | D:4      | Reached skill level 6 in Stealth
  3458 | D:4      | Noticed Menkaure
  3468 | D:4      | Killed Menkaure
  3469 | D:4      | Reached XP level 8. HP: 32/54 MP: 8/8
  3478 | Temple   | Entered the Ecumenical Temple
  3838 | D:4      | Found a radiant altar of Vehumet.
  3909 | D:4      | Found an ancient bone altar of Kikubaaqudgha.
  3917 | D:4      | Found a shimmering blue altar of Sif Muna.
  3939 | D:4      | Got Sif Muna's Book of Generation
  4249 | D:4      | Noticed Grinder
  4251 | D:4      | Paralysed by Grinder for 5 turns
  4259 | D:4      | Paralysed by Grinder for 4 turns
  4264 | D:4      | Killed Grinder
  4541 | D:4      | Reached skill level 7 in Stealth
  4561 | D:5      | Entered Level 5 of the Dungeon
  4565 | Abyss:2  | Cast into level 2 of the Abyss (gnoll sergeant)
  4600 | D:5      | Escaped the Abyss
  4616 | D:5      | Slain by a gnoll sergeant

Illustrated notes

Levels and vault maps discovered:
D:1:      amcnicky_arrival_blooded_trapdoor, layout_loops_ring,
          ebering_ecumenical_altar_mist
D:2:      layout_basic, basic_altar, uniq_jessica
D:3:      layout_basic, serial_shops, shop_statue, uniq_sigmund, uniq_terence
D:4:      layout_basic, palyth_temple_overflow_mages,
          minmay_temple_entry_overgrown, serial_bayou, serial_bayou_ford_a,
          serial_bayou_shore_b, serial_bayou_pond_d, serial_bayou_pond_e,
          cheibrodos_sewer_entry_sluice, uniq_grinder, uniq_menkaure
D:5:      layout_rooms, lightli_temple_of_fire,
          nicolae_overflow_hallway_of_the_gods
Temple:   nicolae_temple_bog_church

Skill      XL: |  1  2  3  4  5  6  7  8 |
---------------+-------------------------+-----
Stealth        | 1 3 5 6 7 |  7.0
Axes           | 3 4 |  4.1
Dodging        | 4 |  4.8
Short Blades   | 1 3 4 |  4.2
Fighting       | 4 |  4.4
Shields        | 4 |  4.2
Evocations     | |  0.5

Action                   |  1- 3 |  4- 6 |  7- 9 || total
-------------------------+-------+-------+-------++-------
Melee: War axe           |    45 |     5 |       ||    50
       Tentacles         |     9 |    15 |    31 ||    55
       Constrict         |    15 |    15 |    20 ||    50
       Dagger            |       |    72 |   127 ||   199
       Punch             |       |     2 |     4 ||     6
Evoke: Wand              |       |       |     7 ||     7
  Use: Scroll            |       |     7 |     1 ||     8
       Potion            |       |     1 |     5 ||     6
 Stab: Sleeping          |     4 |    13 |     6 ||    23
       Distracted        |       |     1 |       ||     1
Armor: Skin              |     3 |     4 |    27 ||    34
Dodge: Dodged            |    30 |    32 |    50 ||   112
Block: Buckler           |     7 |    12 |    20 ||    39
